Map: Kairos Junction LE

Players

Normezo

  • Race: Terran Terran
  • League: Master
  • Spawn Location: 11:00

zuka - Winner!

  • Race: Protoss Protoss
  • League: Master
  • Spawn Location: 5:00

VOD

Have the link to the VOD?

Description

Time

  • Played on: May 5, 2019, 2:13 p.m.
  • Length: 12:37
Show
View Real Time Build Order
Export as new Build Order

Normezo Terran 

Build Orders: Liberator Opening, Reaper Expand 

Get SALT Encoding   

  12  0:00  SCV  
  13  0:13  SCV  
  14  0:17  Supply Depot  
  14  0:25  SCV  
  15  0:38  SCV  
  15  0:41  Barracks  
  16  0:46  Refinery  
  16  0:50  SCV  
  17  1:02  SCV  
  18  1:15  SCV  
  19  1:30  Orbital Command, Reaper  
  20  1:52  Command Center  
  20  1:56  SCV  
  20  1:58  Refinery  
  21  2:03  Supply Depot  
  21  2:07  Barracks Tech Lab  
  21  2:11  SCV  
  22  2:17  Factory  
  22  2:25  SCV  
  25  2:37  Marauder, SCV, Concussive Shells  
  26  2:49  SCV  
  27  3:00  Marauder  
  27  3:01  Widow Mine  
  27  3:03  Starport  
  27  3:05  SCV  
  32  3:10  Orbital Command  
  32  3:23  Liberator  
  32  3:25  Widow Mine  
  36  3:27  Marauder  
  36  3:33  SCV  
  37  3:38  SCV  
  41  3:42  Barracks  
  41  3:45  SCV  
  42  3:50  SCV  
  43  4:07  SCV  
  44  4:11  SCV  
  45  4:19  Command Center, SCV  
  45  4:21  Supply Depot  
  46  4:24  Factory Tech Lab  
  46  4:25  Starport Reactor  
  46  4:35  Barracks Reactor  
  46  4:39  Barracks  
  46  4:40  Supply Depot  
  46  4:42  Engineering Bay  
  46  4:43  Marauder, SCV  
  49  4:46  Stimpack  
  49  4:47  Siege Tank  
  49  4:50  SCV  
  53  4:55  SCV  
  54  5:02  SCV  
  52  5:07  Marauder  
  52  5:10  Supply Depot, SCV  
  52  5:12  Refinery  
  52  5:14  Medivac, SCV, Refinery  
  58  5:21  Barracks  
  58  5:23  Barracks, SCV  
  58  5:24  Marine x2  
  58  5:27  SCV  
  62  5:29  Barracks Tech Lab  
  62  5:35  SCV  
  63  5:37  Siege Tank  
  63  5:39  SCV  
  63  5:40  Orbital Command  
  61  6:06  Marauder x2, Marine x2, Missile Turret  
  61  6:10  Viking  
  67  6:18  SCV, Missile Turret  
  67  6:19  SCV  
  67  6:24  Marine x3  
  67  6:25  Marine  
  73  6:27  Supply Depot, Marine x2  
  75  6:43  Viking x2  
  79  6:49  SCV x3  
  79  6:51  Siege Tank  
  85  6:56  Orbital Command  
  85  7:01  SCV x2  
  87  7:09  Marauder x2, Marine x2  
  87  7:12  Terran Infantry Weapons Level 1  
  93  7:16  Supply Depot  
  93  7:18  Supply Depot  
  93  7:23  Refinery  
  93  7:37  Marine, SCV x2  
  74  8:03  Marauder x2, Barracks Reactor x2  
  72  8:06  Viking x2  
  72  8:09  SCV  
  72  8:10  SCV x2  
  72  8:12  Starport  
  79  8:22  SCV x3  
  79  8:23  Barracks, Supply Depot  
  79  8:24  Marauder  
  79  8:25  Barracks, Marine, Engineering Bay  
  79  8:26  Marauder, Armory, Marine  
  88  8:27  Refinery  
  88  8:31  Combat Shield  
  88  8:34  SCV x3  
  90  8:35  Missile Turret  
  90  8:40  Medivac x2  
  95  8:42  Marine x3  
  95  8:43  Marine x3  
  95  8:46  Marauder, SCV x2  
  105  8:51  Marauder  
  105  8:55  Starport Reactor  
  105  8:59  SCV x3  
  105  9:00  Marine x2  
  105  9:02  Marine x2  
  110  9:03  Marine x2  
  110  9:07  Marauder  
  110  9:09  Terran Infantry Armor Level 1  
  116  9:11  SCV  
  116  9:15  Barracks Tech Lab  
  116  9:16  Barracks Tech Lab, Missile Turret  
  117  9:19  Supply Depot  
  117  9:20  Marine  
  117  9:21  Viking x2, Marauder  
  124  9:24  Supply Depot x2  
  124  9:25  Supply Depot, Marine  
  125  9:40  Marine x2  
  125  9:41  Marauder x3  
  133  9:46  Viking x2, Marauder, Marine x3  
  133  9:48  Missile Turret  
  142  9:54  Sensor Tower  
  142  9:55  Terran Ship Weapons Level 1, Viking x2  
  146  10:02  Marauder  
  146  10:03  Marauder x2  
  152  10:07  Terran Infantry Weapons Level 2  
  152  10:09  SCV  
  152  10:10  SCV  
  154  10:16  Viking  
  154  10:19  Supply Depot  
  154  10:20  Supply Depot  
  156  10:24  Viking  
  156  10:25  Viking  
  156  10:27  Viking  
  162  10:29  Marauder  
  164  10:41  Marauder x2  
  168  10:55  Command Center  
  166  10:58  Medivac x3  
  166  10:59  Medivac  
  174  11:15  Supply Depot  
  174  11:18  Armory  
  174  11:21  Starport  
  174  11:26  Marauder x3, Marine  
  181  11:34  Marine x2  
  181  11:37  Marine x3  
  116  12:06  Marauder x2, Marine x2  
  116  12:08  Marauder x2, Marine x4  
Show
View Real Time Build Order
Export as new Build Order

zuka Protoss - Winner!

Build Orders: 1 Gate Expand, Colossus Rush 

Get SALT Encoding   

  12  0:01  Probe  
  13  0:13  Probe  
  14  0:18  Pylon  
  14  0:21  Probe  
  15  0:32  Probe  
  15  0:38  Gateway  
  16  0:44  Probe  
  16  0:47  Assimilator  
  17  0:55  Probe  
  18  1:03  Probe  
  19  1:11  Probe  
  20  1:26  Nexus  
  20  1:39  Cybernetics Core  
  20  1:42  Assimilator  
  20  1:44  Probe  
  21  1:55  Pylon  
  21  1:56  Probe  
  22  2:06  Stalker  
  22  2:08  Probe  
  25  2:16  Warp Gate  
  25  2:21  Probe  
  26  2:33  Probe  
  26  2:36  Stalker  
  29  2:37  Probe  
  30  2:45  Robotics Facility, Probe x2  
  31  2:53  Probe  
  31  2:54  Pylon  
  31  2:57  Probe  
  33  3:05  Probe  
  34  3:09  Probe  
  35  3:15  Shield Battery  
  35  3:17  Probe  
  36  3:21  Probe  
  36  3:26  Gateway  
  37  3:29  Observer  
  37  3:37  Probe x2  
  37  3:38  Robotics Bay  
  40  3:45  Assimilator  
  40  3:49  Gateway, Probe x2  
  40  3:54  Warp Prism  
  44  4:05  Stalker  
  44  4:06  Probe x2  
  48  4:14  Pylon  
  48  4:18  Probe x2  
  48  4:19  Colossus  
  48  4:20  Observer  
  50  4:24  Stalker  
  50  4:27  Pylon  
  50  4:29  Stalker  
  50  4:30  Gravitic Drive  
  60  4:42  Probe  
  60  4:43  Probe  
  62  4:50  Stalker  
  64  4:54  Probe  
  65  5:01  Probe  
  65  5:03  Pylon  
  66  5:10  Colossus  
  66  5:12  Nexus  
  72  5:23  Pylon  
  72  5:25  Probe  
  73  5:29  Twilight Council  
  73  5:35  Extended Thermal Lance  
  73  5:36  Assimilator  
  73  5:40  Probe x2  
  73  5:42  Zealot  
  77  6:00  Charge  
  77  6:02  Probe x2  
  79  6:11  Forge  
  79  6:12  Colossus  
  79  6:14  Forge, Probe  
  86  6:20  Pylon  
  86  6:22  Pylon  
  86  6:23  Probe  
  86  6:25  Gateway  
  87  6:26  Probe  
  88  6:33  Probe  
  88  6:35  Probe  
  88  6:38  Probe  
  91  6:45  Probe  
  91  6:46  Zealot x3, Protoss Ground Weapons Level 1, Protoss Ground Armor Level 1  
  98  6:48  Probe  
  98  6:50  Probe  
  100  6:56  Pylon  
  101  7:01  Photon Cannon  
  101  7:07  Shield Battery  
  101  7:08  Shield Battery, Immortal  
  105  7:14  Shield Battery  
  104  7:17  Zealot  
  104  7:18  Zealot x2  
  110  7:25  Pylon  
  110  7:28  Zealot  
  110  7:29  Shield Battery  
  112  7:31  Pylon  
  110  7:39  Zealot x3  
  112  7:50  Zealot  
  104  7:54  Immortal  
  96  8:00  Zealot x3  
  96  8:01  Probe x3  
  109  8:06  Gateway  
  109  8:07  Gateway  
  109  8:11  Assimilator  
  109  8:13  Probe x3  
  109  8:14  Assimilator  
  109  8:16  Templar Archives  
  112  8:25  Probe x3  
  115  8:28  Zealot x3, Immortal  
  115  8:30  Zealot  
  115  8:33  Protoss Ground Armor Level 2  
  115  8:34  Protoss Ground Weapons Level 2  
  123  8:37  Probe  
  128  8:55  High Templar, Photon Cannon  
  128  8:56  High Templar x3  
  128  9:02  Gateway  
  136  9:04  Gateway  
  136  9:06  Archon x2  
  136  9:09  Observer  
  136  9:12  Gateway  
  136  9:14  High Templar  
  136  9:15  High Templar  
  136  9:16  Probe  
  141  9:19  Pylon  
  141  9:20  Pylon  
  141  9:29  Pylon  
  141  9:37  Observer  
  142  9:44  Gateway  
  142  9:45  Gateway, High Templar x2  
  146  9:46  High Templar x2  
  146  9:47  Zealot x2  
  146  9:49  Archon x2  
  146  9:50  Archon  
  154  9:59  Pylon, Nexus  
  154  10:00  Pylon  
  154  10:09  Zealot  
  154  10:10  Zealot x4  
  164  10:14  Photon Cannon  
  164  10:17  Pylon  
  164  10:18  Pylon  
  164  10:20  Pylon  
  164  10:22  High Templar x3  
  164  10:23  High Templar  
  172  10:28  Archon x2  
  172  10:31  Pylon  
  172  10:32  Zealot x3  
  172  10:34  Zealot  
  180  10:42  Zealot  
  180  10:43  Zealot x2, Observer  
  180  10:44  Warp Prism  
  186  10:51  Pylon  
  186  10:52  Pylon  
  182  10:58  High Templar x2  
  182  10:59  High Templar x2  
  182  11:02  Archon  
  182  11:03  Archon  
  190  11:14  Zealot x3  
  190  11:15  Zealot x2  
  200  11:43  Zealot  
  200  11:44  Zealot x3  
  184  11:50  Zealot x4  
  184  11:51  Zealot  
  184  11:52  Warp Prism  
  158  11:56  Probe x3  
  158  11:59  Probe  
  144  12:16  Zealot x4  
  141  12:25  Zealot x3  
Tags
 
Add a new tag
Caveats
  • Supply blocks, unpowered buildings, or Contaminate may cause inaccurate times.
  • Supply counts are checked every 10 seconds.